[Event "GambitGuide"]
[Site "Internet Chess Club"]
[Date "2014.10.31"]
[Round "1"]
[White "JSBach"]
[Black "Lolcatz"]
[Result "1-0"]
[ICCResult "Black resigns"]
[WhiteElo "1564"]
[BlackElo "2309"]
[Opening "Vienna: `Frankenstein-Dracula' variation"]
[ECO "C27"]
[NIC "VG.02"]
[Time "23:59:00"]
[TimeControl "120+12"]

1. e4 e5 2. Nc3 Nf6 3. Bc4 Nxe4 4. Qh5 Nd6 5. Bb3 Nc6 6. Nb5 g6 7. Qf3 f5 8.
Qd5 Qe7 9. Nxc7+ Kd8 10. Nxa8 b6 11. d3 Bb7 12. Nxb6 axb6 13. Qf3 Bg7 14.
Be3 Nd4 15. Qh3 Nxb3 16. Bxb6+ Kc8 17. axb3 g5 18. Qg3 h5 19. Bc5 f4 20.
Bxd6 Qxd6 21. Qxg5 Bf6 22. Qg6 {Black resigns} 1-0

[Event "GambitGuide"]
[Site "Internet Chess Club"]
[Date "2014.10.31"]
[Round "1"]
[White "JSBach"]
[Black "fishhead"]
[Result "1-0"]
[ICCResult "Black resigns"]
[WhiteElo "1564"]
[BlackElo "1597"]
[Opening "Vienna: `Frankenstein-Dracula' variation"]
[ECO "C27"]
[NIC "VG.02"]
[Time "23:59:31"]
[TimeControl "120+12"]

1. e4 e5 2. Nc3 Nf6 3. Bc4 Nxe4 4. Qh5 Nd6 5. Bb3 Nc6 6. Nb5 g6 7. Qf3 f5 8.
Qd5 Qe7 9. Nxc7+ Kd8 10. Nxa8 b6 11. d3 Bb7 12. Nxb6 axb6 13. Qf3 Nd4 14.
Qh3 h5 15. Be3 Ne6 16. Qg3 g5 17. Bxe6 dxe6 18. Bxg5 {Black resigns} 1-0

[Event "GambitGuide"]
[Site "Internet Chess Club"]
[Date "2014.10.31"]
[Round "1"]
[White "JSBach"]
[Black "fearlessone"]
[Result "0-1"]
[ICCResult "White checkmated"]
[WhiteElo "1564"]
[BlackElo "1812"]
[Opening "Vienna: `Frankenstein-Dracula' variation"]
[ECO "C27"]
[NIC "VG.02"]
[Time "23:59:25"]
[TimeControl "120+12"]

1. e4 e5 2. Nc3 Nf6 3. Bc4 Nxe4 4. Qh5 Nd6 5. Bb3 Nc6 6. Nb5 g6 7. Qf3 f5 8.
Qd5 Qe7 9. Nxc7+ Kd8 10. Nxa8 b6 11. d3 Bb7 12. Nxb6 axb6 13. Qf3 Bg7 14.
Be3 Nd4 15. Qh3 Nxb3 16. Bxb6+ Kc8 17. axb3 g5 18. b4 h5 19. Ra7 f4 20. Nf3
g4 21. Qh4 Bf6 22. Bd8 Qxd8 23. Qxf6 Qxf6 24. Nd2 Kb8 25. Ra2 Bxg2 26. Rg1
f3 27. Ra6 Kb7 28. Ne4 Nxe4 29. Rxf6 Nxf6 30. b3 e4 31. dxe4 Nxe4 32. c4 Re8
33. b5 Nc5+ 34. Kd1 Nxb3 35. Kc2 Nc5 36. Rd1 Re2+ 37. Rd2 Rxd2+ 38. Kxd2
Ne4+ 39. Ke3 Ng5 40. Kd4 Nh3 41. c5 Nxf2 42. Ke3 Nh3 43. c6+ dxc6 44. bxc6+
Kxc6 45. Kd2 f2 46. Kc2 f1=Q 47. Kb2 Qh1 48. Kc3 Qxh2 49. Kd2 Bd5+ 50. Kc1
Kc5 51. Kb1 Kb4 52. Kc1 Kc3 53. Kd1 Qd2# {White checkmated} 0-1

[Event "GambitGuide"]
[Site "Internet Chess Club"]
[Date "2014.10.31"]
[Round "1"]
[White "JSBach"]
[Black "Lolcatz"]
[Result "0-1"]
[ICCResult "White checkmated"]
[WhiteElo "1564"]
[BlackElo "2309"]
[Opening "Vienna: `Frankenstein-Dracula' variation"]
[ECO "C27"]
[NIC "VG.02"]
[Time "23:59:38"]
[TimeControl "120+12"]

1. e4 e5 2. Nc3 Nf6 3. Bc4 Nxe4 4. Qh5 Nd6 5. Bb3 Nc6 6. Nb5 g6 7. Qf3 f5 8.
Qd5 Qe7 9. Nxc7+ Kd8 10. Nxa8 b6 11. d3 Bb7 12. Nxb6 axb6 13. Qf3 Bg7 14.
Be3 Nd4 15. Qh3 Nxb3 16. Bxb6+ Kc8 17. axb3 g5 18. b4 h5 19. Ra7 f4 20. Nf3
g4 21. Qh4 Bf6 22. Bd8 Qxd8 23. Qxf6 Qxf6 24. Nd2 Kb8 25. Ra5 Bxg2 26. Rg1
Bb7 27. b5 e4 28. Nxe4 Nxe4 29. dxe4 Qxb2 30. Ke2 Qxc2+ 31. Ke1 Qc3+ 32. Ke2
Qxa5 33. Rc1 Re8 34. Rc5 Rxe4+ 35. Kd3 Qb4 36. Rc1 Qd4+ 37. Kc2 Re2+ 38. Kb3
Qb2+ 39. Ka4 Re4+ 40. Ka5 Qb4+ 41. Kb6 Re5 42. Rc8+ Kxc8 43. h4 Qxb5+ 44.
Ka7 Qa6# {White checkmated} 0-1

[Event "GambitGuide"]
[Site "Internet Chess Club"]
[Date "2014.10.31"]
[Round "1"]
[White "JSBach"]
[Black "MishaVB"]
[Result "1-0"]
[ICCResult "Black checkmated"]
[WhiteElo "1585"]
[BlackElo "1439"]
[Opening "Vienna: `Frankenstein-Dracula' variation"]
[ECO "C27"]
[NIC "VG.02"]
[Time "23:58:23"]
[TimeControl "120+12"]

1. e4 e5 2. Nc3 Nf6 3. Bc4 Nxe4 4. Qh5 Nd6 5. Bb3 Nc6 6. Nb5 g6 7. Qf3 f5 8.
Qd5 Qe7 9. Nxc7+ Kd8 10. Nxa8 b6 11. d3 Bb7 12. Nxb6 axb6 13. Qf3 Nd4 14.
Qg3 f4 15. Qg4 N4f5 16. Nf3 Bg7 17. O-O Bf6 18. Re1 h5 19. Qxg6 Rh6 20. Qg8+
Kc7 21. Bxf4 Rh8 22. Qg6 Bxf3 23. gxf3 Rh7 24. Bxe5 Bxe5 25. Rxe5 Qxe5 26.
Qxh7 Qxb2 27. Re1 Nh4 28. Qxh5 Qf6 29. Bd5 Nhf5 30. c4 Nd4 31. h4 N6f5 32.
Qg5 Qf8 33. h5 Qb4 34. Kf1 Nc2 35. Qf4+ Kc8 36. Re8# {Black checkmated} 1-0

[Event "GambitGuide"]
[Site "Internet Chess Club"]
[Date "2014.10.31"]
[Round "1"]
[White "JSBach"]
[Black "applepi"]
[Result "0-1"]
[ICCResult "White checkmated"]
[WhiteElo "1585"]
[BlackElo "1619"]
[Opening "Vienna: `Frankenstein-Dracula' variation"]
[ECO "C27"]
[NIC "VG.02"]
[Time "23:59:23"]
[TimeControl "120+12"]

1. e4 e5 2. Nc3 Nf6 3. Bc4 Nxe4 4. Qh5 Nd6 5. Bb3 Nc6 6. Nb5 g6 7. Qf3 f5 8.
Qd5 Qe7 9. Nxc7+ Kd8 10. Nxa8 b6 11. d3 Bb7 12. Nxb6 axb6 13. Qf3 Nd4 14.
Qg3 f4 15. Qg4 g5 16. Bd2 h5 17. Qd1 Bxg2 18. c3 Nc6 19. Bd5 Bxd5 20. f3 g4
21. h4 Nf5 22. c4 Be6 23. Qb3 Kc7 24. fxg4 Nfd4 25. Qa4 hxg4 26. h5 Bf5 27.
Bc3 Bxd3 28. Bxd4 exd4+ 29. Kd1 Qe3 30. Qb3 Bb4 31. Qxb4 Nxb4 32. Rc1 Re8
33. a3 Qe1# {White checkmated} 0-1